 Dungeon Crawl Stone Soup version 0.19.1 (webtiles) character file.

37 Nakatomy the Digger (level 3, -5/28 HPs)
             Began as a Deep Dwarf Earth Elementalist on Dec 24, 2016.
             Slain by a worm (7 damage)
             ... on level 1 of the Dungeon.
             The game lasted 00:07:17 (2085 turns).

Nakatomy the Digger (Deep Dwarf Earth Elementalist) Turns: 2085, Time: 00:07:18

Health: -5/28      AC:  3    Str: 11    XL:     3   Next: 21%
Magic:  1/7        EV: 12    Int: 16    God:
Gold:   26         SH:  0    Dex: 13    Spells: 2 memorised, 3 levels left

rFire  . . .     SeeInvis .     a - +0 short sword
rCold  . . .     Gourm    .     c - +0 robe
rNeg   . . .     Faith    .     (no shield)
rPois  .         Spirit   .     (no helmet)
rElec  .         Reflect  .     (no cloak)
rCorr  .         Harm     .     (no gloves)
MR     .....                    i - +0 pair of boots
Stlth  ++........               (no amulet)
                                (no ring)
                                (no ring)

@: very slightly contaminated, non-regenerating
A: damage resistance, recharge devices, sense surroundings 1, slow regeneration
3
a: Device Recharging


You were on level 1 of the Dungeon.
You were not hungry.

You visited 1 branch of the dungeon, and saw 2 of its levels.

You collected 26 gold pieces.

Inventory:

Hand Weapons
 a - a +0 short sword (weapon)
Missiles
 b - 33 stones (quivered)
Armour
 c - a +0 robe (worn)
 i - a +0 pair of boots (worn)
Wands
 d - a wand of heal wounds (5/9)
Scrolls
 g - 2 scrolls of teleportation {unknown}
 j - a scroll of immolation {unknown}
Potions
 h - a potion of degeneration {unknown}
Books
 e - a book of Geomancy

   Spells                             Type                      Level
   a - Sandblast                      Earth                        1
   b - Passwall                       Transmutation/Earth          2
   c - Stone Arrow                    Conjuration/Earth            3
   d - Petrify                        Transmutation/Earth          4
   e - Lee's Rapid Deconstruction     Earth                        5
Comestibles
 f - a bread ration
 k - 2 chunks of flesh


   Skills:
 - Level 2.1 Dodging
 - Level 2.4 Stealth
 + Level 2.6 Spellcasting
   Level 0.8 Transmutations
 + Level 4.7 Earth Magic


You had 3 spell levels left.
You knew the following spells:

 Your Spells              Type           Power        Failure   Level  Hunger
a - Sandblast             Erth           ###...       3%          1    #......
b - Stone Arrow           Conj/Erth      #.....       21%         3    ###....


Dungeon Overview and Level Annotations

Branches:
Dungeon (2/15)

Altars:
Gozag


Innate Abilities, Weirdness & Mutations

You are resistant to damage.
You can recharge devices by infusing magical energy.
You passively map a small area around you.
You do not regenerate.


Message History

Aiming: Sandblast
Press: ? - help, Shift-Dir - straight line, f/p - worm
Aim: a worm (lightly wounded)
The blast of sand hits the worm.
The worm is lightly wounded.
The worm bites you!
* * * LOW HITPOINT WARNING * * *
You hit the worm.
The worm is lightly wounded.
The worm barely misses you.
You hit the worm.
The worm is moderately wounded.
The worm bites you!
* * * LOW HITPOINT WARNING * * *
You hit the worm.
The worm is heavily wounded.
You hit the worm.
The worm is severely wounded.
The worm bites you!
You die...

..###.......#.### #....#
.#..............# ####.#
.........###..########.#
....................##.#
.........###..#####.##.#
##.......# #..# #.##.#
.........# #..# #.##.#
.........###..#####.##.#
.........'....>w@...##.#
.........##.#.########.##
##.......##.#.####......#
##.......##.#......######
.....######.########
.....# #.### .....# #...#
.....# ###.# ###### #.#


You could see a worm.

Vanquished Creatures
  2 leopard geckos (D:1)
  4 bats (D:1)
  2 giant cockroaches (D:1)
  5 goblins
  4 hobgoblins
  4 jackals (D:1)
  3 kobolds (D:1)
  A quokka (D:1)
  A frilled lizard (D:1)
  2 rats (D:1)
28 creatures vanquished.

Notes
Turn   | Place    | Note
-------+----------+-------------------------------------------
     0 | D:1      | Nakatomy the Deep Dwarf Earth Elementalist began the quest for the Orb.
     0 | D:1      | Reached XP level 1. HP: 15/15 MP: 3/3
   212 | D:1      | Reached XP level 2. HP: 19/22 MP: 1/5
  1553 | D:1      | Reached XP level 3. HP: 14/28 MP: 3/6
  1558 | D:1      | Learned a level 3 spell: Stone Arrow
  1605 | D:2      | Found an opulent altar of Gozag.
  2085 | D:1      | Slain by a worm

Skill      XL: |  1 |
---------------+----+-----
Spellcasting   | 2 |  2.6
Dodging        | |  2.1
Stealth        | |  2.4
Transmutations | |  0.8
Earth Magic    | |  4.7

Action                   || total
-------------------------++-------
Melee: Short sword       ||    26
Throw: Stone             ||    45
 Cast: Sandblast         ||    53
       Stone Arrow       ||     3
  Eat: Chunk             ||     5
Armor: Robe              ||    11
Dodge: Dodged            ||    44
